 Dungeon Crawl Stone Soup version 0.30-a0-4-ga7cffc901d (webtiles) character file.

Game seed: 17981368873866682144

414 greasedhog the Trooper (level 6, -5/40 HPs)
             Began as a Gargoyle Artificer on Aug 21, 2022.
             Killed by divine providence
             ... invoked by an orc priest
              (15 damage)
             ... on level 4 of the Dungeon.
             The game lasted 00:07:00 (5560 turns).

greasedhog the Trooper (Gargoyle Artificer)         Turns: 5560, Time: 00:07:01

Health: -5/40      AC: 17    Str: 17    XL:     6   Next: 91%
Magic:  6/6        EV:  7    Int: 12    God:
Gold:   231        SH:  0    Dex: 10    Spells: 5/5 levels left

rFire   . . .      SeeInvis .    y - +1 mace (venom)
rCold   . . .      Faith    .    (no shield)
rNeg    + . .      Spirit   .    q - +0 chain mail
rPois   ∞          Reflect  .    (no helmet)
rElec   +          Harm     .    (no cloak)
rCorr   +          Rampage  .    (no gloves)
Will    .....                    (no boots)
Stlth   ..........               v - amulet of the acrobat
HPRegen 0.13/turn                l - +4 ring of protection
MPRegen 0.10/turn                o - ring of resist corrosion

@: no status effects
A: sickness immunity, AC +4, negative energy resistance 1, electricity
resistance, torment resistance 1, petrification resistance
a: no special abilities


You were on level 4 of the Dungeon.
You visited 1 branch of the dungeon, and saw 5 of its levels.

You collected 231 gold pieces.

Inventory:

Hand Weapons
 y - a +1 mace of venom (weapon)
Missiles
 s - 2 throwing nets
Armour
 q - a +0 chain mail (worn)
Jewellery
 l - a +4 ring of protection (left hand)
 o - a ring of resist corrosion (right hand)
 v - an amulet of the acrobat (around neck)
Wands
 c - a wand of flame (1) (quivered)
 d - a wand of charming (15)
 e - a wand of iceblast (12)
Scrolls
 f - a scroll of fear
 g - a scroll of summoning
 h - 2 scrolls of immolation
 i - 3 scrolls of identify
 k - a scroll of butterflies
 m - 4 scrolls of teleportation
 t - a scroll of vulnerability
 w - 2 scrolls of magic mapping
Potions
 a - 3 potions of heal wounds {unknown}
 b - 4 potions of curing {unknown}
 j - a potion of lignification {unknown}
 n - a potion of flight {unknown}
 p - a potion of berserk rage {unknown}
 u - 3 potions of ambrosia {unknown}


   Skills:
 - Level 5.0 Fighting
 * Level 4.6 Maces & Flails
 * Level 2.6 Armour
 - Level 0.7 Dodging
 - Level 1.1 Stealth
 - Level 2.6 Evocations


You had 5 spell levels left.
You didn't know any spells.
Your spell library was empty.

Dungeon Overview and Level Annotations

Branches:
Dungeon (5/15)
 Temple: D:4-7

Altars:

Shops:
D:2 :   D:4 (


Innate Abilities, Weirdness & Mutations

You are immune to sickness and miasma.
Your stone body is resilient. (AC +4)
You are immune to poison.
You resist negative energy. (rN+)
You are resistant to electric shocks. (rElec)
You are resistant to unholy torment.
You are immune to petrification.


Message History

No target in view!
No target in view!
No target in view!
No target in view!
No target in view!
No target in view!
No target in view!
No target in view!
No target in view!
You climb downwards.
The orc priest hits you with a +0 flail. x2
There is a stone staircase leading up here.
The orc priest mumbles some strange prayers to Beogh against you.
Beogh smites you!
You climb upwards.
There is a stone staircase leading down here.
You hit the orc priest.
The orc priest is moderately wounded.
The orc priest looks braver for a moment.
You hit the orc priest.
The orc priest is poisoned.
The orc priest is heavily wounded.
The orc priest mumbles some strange prayers to Beogh against you.
Beogh smites you!
* * * LOW HITPOINT WARNING * * *
You are too injured to fight recklessly!
You are too injured to fight recklessly!
You are too injured to fight recklessly!
You are too injured to fight recklessly!
You are too injured to fight recklessly!
You are too injured to fight recklessly!
You are too injured to fight recklessly!
You are too injured to fight recklessly!
You are too injured to fight recklessly!
You are too injured to fight recklessly!
You are too injured to fight recklessly!
You barely miss the orc priest. You punch the orc priest.
The orc priest is heavily wounded.
The orc priest calls down the wrath of Beogh upon you.
Beogh smites you!
You die...

.##...##...#.....## ##...
.####.#..#...#.### #.... .#
#...###....### ##.... .#
##.#....#....# #######..#..
.#
#...#####.#.#####.......##.#
.# #..###
#.#..#....#######..# .#
##...####.##...##### ##..##
.# ###...##.)o#......##
#..## .#
###..###@#.####..###.## ##
##.###[#.# ##.....#
#........###########
#.###.........#
#.#####.#####.####
####....##..####....######
#.........................
#.##......................
#.##....###.##############


You could see an orc priest (very poisoned).

Vanquished Creatures
  A hound (D:4)
  2 orc priests
  An iguana (D:3)
  3 orc wizards
  8 adders
  4 gnolls
  2 worms (D:3)
  6 dart slugs
  18 orcs
  4 bats
  7 endoplasms
  A giant cockroach (D:4)
  5 goblins
  5 hobgoblins
  4 jackals (D:1)
  5 quokkas
  4 ball pythons (D:1)
  A frilled lizard (D:1)
  3 kobolds
  3 rats
87 creatures vanquished.

Notes
Turn   | Place    | Note
-------+----------+-------------------------------------------
     0 | D:1      | greasedhog the Gargoyle Artificer began the quest for the
                  | Orb.
     0 | D:1      | Reached XP level 1. HP: 12/12 MP: 1/1
   431 | D:1      | Reached skill level 1 in Maces & Flails
   431 | D:1      | Reached XP level 2. HP: 3/17 MP: 2/2
   796 | D:1      | Reached skill level 2 in Fighting
   827 | D:1      | Found a faded altar of an unknown god.
  1400 | D:1      | Reached XP level 3. HP: 22/22 MP: 3/3
  1972 | D:2      | Found Kasyak's Book Emporium.
  2035 | D:2      | Reached skill level 3 in Fighting
  2035 | D:2      | Reached XP level 4. HP: 27/28 MP: 4/4
  3232 | D:3      | Reached XP level 5. HP: 17/33 MP: 5/5
  3740 | D:2      | Reached skill level 4 in Fighting
  4291 | D:3      | Reached XP level 6. HP: 39/39 MP: 6/6
  4726 | D:4      | Found Galiahiz's Weapon Boutique.
  5201 | D:4      | Reached skill level 5 in Fighting
  5354 | D:5      | Entered Level 5 of the Dungeon
  5560 | D:4      | Killed from afar by an orc priest

Illustrated notes

Levels and vault maps discovered:
D:1:      dpeg_arrival_arbitrary_b, layout_rooms,
          dreamdust_ecumenical_altar_angels_and_demons, minmay_cut_off
D:2:      layout_loops_ring, serial_shops, shop_statue, uniq_crazy_yiuf_cottage
D:3:      layout_loops_cross, minmay_fractal_squares_gapless_5
D:4:      layout_rooms, serial_shops, nicolae_shop_statue_plus
D:5:      layout_cave_pods, tso_oasis_becter, kb_lookout_dungeons_type,
          uniq_ijyb

Skill      XL: |  1  2  3  4  5  6 |
---------------+-------------------+-----
Maces & Flails | 1 2 3 4 |  4.6
Fighting       | 2 3 4 5 |  5.0
Armour         | |  2.6
Dodging        | |  0.7
Stealth        | |  1.1
Evocations     | |  2.6

Action                   |  1- 3 |  4- 6 || total
-------------------------+-------+-------++-------
Melee: Club              |    54 |       ||    54
       Whip              |   102 |    38 ||   140
       Punch             |     2 |     2 ||     4
       Flail             |       |   214 ||   214
       Mace              |       |    15 ||    15
       Hand axe          |       |     2 ||     2
Throw: Throwing net      |       |     2 ||     2
Evoke: Wand              |     6 |     9 ||    15
  Use: Scroll            |     2 |     6 ||     8
Armor: Leather armour    |    28 |       ||    28
       Ring mail         |    75 |       ||    75
       Chain mail        |       |   235 ||   235
Dodge: Dodged            |   114 |    75 ||   189

Table legend: (Time is in decaauts)
 A = Elapsed time spent in this place.
 B = Non-inter-level travel time spent in this place.
 C = Inter-level travel time spent in this place.
 D = Time resting spent in this place.
 E = Time spent auto-exploring this place.
 F = Levels seen in this place.
 G = Mean time per level.
                   A        B        C        D        E       F      G
               +--------+--------+--------+--------+--------+-----+--------+
         Total |   5625 |   5450 |    175 |   1820 |   2643 |   5 | 1125.0 |
       Dungeon |   5625 |   5450 |    175 |   1820 |   2643 |   5 | 1125.0 |
               +--------+--------+--------+--------+--------+-----+--------+

Top non-repeatable levels by time:
     D:3: 1636 daAuts
     D:2: 1573 daAuts
     D:1: 1560 daAuts
     D:4: 843 daAuts
     D:5: 12 daAuts
